General information
- name: BNet
- type: Ladder team game (AT/RT)
- host: Battle.net
- saver: timg4strok
map: Dragonblight
- players: 6
- length: 49:59
- speed: Fast
- version: 1.26 W3XP
- replay type:

» download(384 KB)
Players
team 1 (loser)
goodnight (
blue | 83 APM | 4160 actions | 49:57)
6 Death Knight
3 Death Coil
2 Unholy Aura
1 Animate Dead
4 Lich
2 Frost Nova
2 Frost Armor
» actions
| Assign group hotkey | 60 | |
| Basic commands | 38 | |
| Build / train | 124 | |
| ESC pressed | 1 | |
| Enter build submenu | 30 | |
| Enter hero's abilities submenu | 10 | |
| Give item / drop item | 2 | |
| Right click | 1797 | |
| Select / deselect | 409 | |
| Select group hotkey | 1514 | |
| Use ability | 175 | |
4160 total
» units
| Acolyte | 14 | |
| Ghoul | 5 | |
| Crypt Fiend | 14 | |
| Blue Dragon Whelp | 2 | |
| Blue Drake | 15 | |
| Frost Wyrm | 19 | |
69 total
» upgrades
| Web | 1 | |
| Creature Attack | 1 | |
| Creature Carapace | 3 | |
| Freezing Breath | 1 | |
6 total
» buildings
| Crypt | 1 | |
| Graveyard | 2 | |
| Altar of Darkness | 1 | |
| Ziggurat | 14 | |
| Tomb of Relics | 3 | |
| Nerubian Tower | 2 | |
| Halls of the Dead | 1 | |
| Black Citadel | 1 | |
| Sacrificial Pit | 1 | |
| Boneyard | 2 | |
| Necropolis | 1 | |
| Spirit Tower | 1 | |
30 total
» build order
00:06 Crypt
00:07 Graveyard
00:11 Graveyard
00:32 Altar of Darkness
00:49 Ziggurat
01:06 Tomb of Relics
01:11 Tomb of Relics
01:37 Ziggurat
01:46 Nerubian Tower
04:12 Halls of the Dead
04:43 Ziggurat
05:24 Ziggurat
05:26 Ziggurat
06:47 Black Citadel
06:52 Sacrificial Pit
09:01 Ziggurat
09:01 Ziggurat
09:29 Boneyard
10:09 Boneyard
16:44 Ziggurat
20:36 Necropolis
22:38 Ziggurat
23:30 Nerubian Tower
29:04 Ziggurat
30:06 Spirit Tower
33:20 Tomb of Relics
39:36 Ziggurat
39:41 Ziggurat
41:06 Ziggurat
44:31 Ziggurat
» items
| Rod of Necromancy | 6 | |
| Potion of Lesser Invulnerability | 3 | |
| Scroll of Protection | 2 | |
| Potion of Healing | 9 | |
| Scroll of Town Portal | 3 | |
| Orb of Corruption | 1 | |
| Potion of Mana | 1 | |
| Scroll of Healing | 2 | |
27 total
MoldovianHooker (
red | 113 APM | 5608 actions | 49:49)
5 Far Seer
3 Feral Spirit
2 Chain Lighting
3 Tauren Chieftain
2 Shockwave
1 Endurance Aura
» actions
| Assign group hotkey | 65 | |
| Basic commands | 11 | |
| Build / train | 164 | |
| Enter build submenu | 58 | |
| Enter hero's abilities submenu | 8 | |
| Give item / drop item | 4 | |
| Remove unit from queue | 2 | |
| Right click | 3104 | |
| Select / deselect | 881 | |
| Select group hotkey | 1113 | |
| Use ability | 198 | |
5608 total
» units
| Peon | 33 | |
| Grunt | 12 | |
| Shaman | 19 | |
| Tauren | 9 | |
| Demolisher | 8 | |
| Troll Batrider | 36 | |
117 total
» upgrades
| Shaman Training | 2 | |
| Pulverize | 1 | |
| Burning Oil | 1 | |
| Reinforced Defenses | 1 | |
5 total
» buildings
| Altar of Storms | 1 | |
| Orc Burrow | 8 | |
| Barracks | 1 | |
| Voodoo Lounge | 2 | |
| Stronghold | 3 | |
| War Mill | 1 | |
| Fortress | 3 | |
| Spirit Lodge | 1 | |
| Tauren Totem | 2 | |
| Great Hall | 3 | |
| Watch Tower | 32 | |
| Beastiary | 2 | |
59 total
» build order
00:10 Altar of Storms
00:22 Orc Burrow
00:36 Barracks
01:33 Orc Burrow
01:58 Voodoo Lounge
03:22 Stronghold
03:22 Stronghold
05:19 War Mill
05:48 Fortress
05:48 Fortress
05:50 Orc Burrow
07:07 Spirit Lodge
07:43 Orc Burrow
08:26 Tauren Totem
08:45 Tauren Totem
11:29 Orc Burrow
13:17 Orc Burrow
15:49 Great Hall
18:40 Watch Tower
18:42 Watch Tower
18:49 Watch Tower
19:21 Watch Tower
19:51 Watch Tower
19:54 Watch Tower
20:23 Watch Tower
20:25 Watch Tower
20:59 Watch Tower
21:10 Watch Tower
22:05 Watch Tower
22:08 Watch Tower
22:51 Orc Burrow
22:55 Watch Tower
23:43 Watch Tower
23:47 Watch Tower
23:53 Orc Burrow
24:11 Watch Tower
24:13 Watch Tower
24:16 Watch Tower
24:23 Watch Tower
24:28 Watch Tower
25:20 Watch Tower
27:41 Watch Tower
27:43 Watch Tower
27:45 Watch Tower
30:50 Watch Tower
30:54 Watch Tower
31:19 Watch Tower
31:45 Beastiary
32:45 Watch Tower
37:27 Great Hall
37:33 Watch Tower
39:13 Great Hall
40:51 Beastiary
44:49 Voodoo Lounge
45:51 Watch Tower
45:55 Watch Tower
47:23 Watch Tower
» items
| Healing Salve | 3 | |
| Scroll of Speed | 3 | |
| Dust of Appearance | 2 | |
| Scroll of Healing | 1 | |
| Potion of Healing | 5 | |
| Scroll of Town Portal | 1 | |
15 total
T33vs1er (
green | 40 APM | 2018 actions | 49:55)
3 Keeper of the Grove
2 Entangling Roots
1 Thorns Aura
3 Priestess of the Moon
2 Trueshot Aura
1 Searing Arrows
» actions
| Basic commands | 1 | |
| Build / train | 103 | |
| Enter build submenu | 43 | |
| Enter hero's abilities submenu | 6 | |
| Remove unit from queue | 18 | |
| Right click | 963 | |
| Select / deselect | 761 | |
| Use ability | 123 | |
2018 total
» units
| Wisp | 35 | |
| Huntress | 8 | |
| Dryad | 10 | |
| Mountain Giant | 2 | |
| Goblin Zeppelin | 2 | |
| Chimaera | 5 | |
| Hippogryph | 1 | |
63 total
» upgrades
| Abolish Magic | 1 | |
| Strength of the Wild | 2 | |
| Reinforced Hides | 3 | |
| Hardened Skin | 1 | |
| Resistant Skin | 1 | |
| Nature's Blessing | 1 | |
| Corrosive Breath | 1 | |
10 total
» buildings
| Altar of Elders | 1 | |
| Moon Well | 7 | |
| Hunter's Hall | 1 | |
| Ancient of War | 3 | |
| Tree of Ages | 1 | |
| Tree of Life | 4 | |
| Ancient of Wonders | 2 | |
| Ancient of Lore | 3 | |
| Tree of Eternity | 1 | |
| Ancient of Wind | 1 | |
| Ancient Protector | 11 | |
| Chimaera Roost | 3 | |
38 total
» build order
00:15 Altar of Elders
00:24 Moon Well
02:09 Hunter's Hall
02:12 Ancient of War
02:40 Ancient of War
03:13 Ancient of War
03:27 Moon Well
04:31 Tree of Ages
04:34 Moon Well
05:54 Tree of Life
06:46 Ancient of Wonders
07:02 Ancient of Lore
07:14 Ancient of Lore
08:56 Tree of Eternity
09:41 Moon Well
09:42 Moon Well
09:45 Moon Well
10:59 Ancient of Lore
19:55 Ancient of Wind
20:37 Tree of Life
21:47 Tree of Life
22:05 Ancient Protector
22:11 Ancient Protector
22:23 Ancient Protector
22:25 Ancient Protector
22:26 Ancient Protector
22:34 Tree of Life
22:43 Ancient Protector
22:48 Ancient Protector
22:52 Ancient Protector
23:20 Ancient of Wonders
23:27 Ancient Protector
23:42 Ancient Protector
23:53 Ancient Protector
29:56 Chimaera Roost
30:21 Chimaera Roost
30:57 Chimaera Roost
31:01 Moon Well
» items
team 2 (winner)
baby_in_pram (
pink | 126 APM | 6284 actions | 49:57)
9 Blademaster
3 Wind Walk
3 Critical Strike
1 Bladestorm
2 Mirror Image
» actions
| Assign group hotkey | 239 | |
| Basic commands | 38 | |
| Build / train | 70 | |
| ESC pressed | 3 | |
| Enter build submenu | 55 | |
| Enter hero's abilities submenu | 9 | |
| Remove unit from queue | 1 | |
| Right click | 3808 | |
| Select / deselect | 472 | |
| Select group hotkey | 1097 | |
| Use ability | 492 | |
6284 total
» units
» upgrades
| Liquid Fire | 1 | |
| Reinforced Defenses | 1 | |
2 total
» buildings
| Altar of Storms | 1 | |
| Orc Burrow | 4 | |
| War Mill | 1 | |
| Watch Tower | 33 | |
| Stronghold | 1 | |
| Voodoo Lounge | 5 | |
| Fortress | 3 | |
| Beastiary | 4 | |
| Great Hall | 1 | |
53 total
» build order
00:03 Altar of Storms
00:05 Orc Burrow
00:18 War Mill
01:13 Orc Burrow
01:54 Watch Tower
02:07 Watch Tower
02:58 Stronghold
03:04 Watch Tower
03:18 Watch Tower
04:04 Voodoo Lounge
04:05 Voodoo Lounge
04:06 Voodoo Lounge
04:10 Voodoo Lounge
04:15 Voodoo Lounge
04:18 Watch Tower
04:33 Watch Tower
05:19 Fortress
05:19 Fortress
05:27 Watch Tower
05:37 Watch Tower
05:40 Watch Tower
05:54 Watch Tower
06:24 Beastiary
06:26 Beastiary
06:34 Watch Tower
06:46 Watch Tower
06:59 Watch Tower
07:57 Watch Tower
07:58 Watch Tower
08:08 Watch Tower
09:25 Watch Tower
09:26 Watch Tower
09:28 Watch Tower
09:43 Orc Burrow
09:44 Orc Burrow
10:39 Watch Tower
10:39 Watch Tower
10:40 Watch Tower
11:44 Watch Tower
11:46 Watch Tower
11:48 Watch Tower
14:51 Beastiary
14:52 Beastiary
18:41 Great Hall
18:47 Watch Tower
18:48 Watch Tower
18:49 Watch Tower
18:50 Watch Tower
20:59 Watch Tower
20:59 Watch Tower
21:00 Watch Tower
21:01 Watch Tower
» items
| Orb of Lightning | 1 | |
| Healing Salve | 2 | |
| Lesser Clarity Potion | 2 | |
| Staff of Teleportation | 1 | |
| Boots of Speed | 1 | |
| Scroll of Town Portal | 5 | |
| Scroll of Speed | 1 | |
13 total
iggyhailsthee (
teal | 99 APM | 4949 actions | 49:58)
5 Mountain King
3 Storm Bolt
2 Bash
4 Paladin
2 Holy Light
2 Divine Shield
3 Archmage
2 Blizzard
1 Brilliance Aura
» actions
| Assign group hotkey | 207 | |
| Basic commands | 25 | |
| Build / train | 144 | |
| Enter build submenu | 101 | |
| Enter hero's abilities submenu | 12 | |
| Give item / drop item | 1 | |
| Right click | 2322 | |
| Select / deselect | 431 | |
| Select group hotkey | 1354 | |
| Use ability | 352 | |
4949 total
» units
» upgrades
| Masonry | 3 | |
| Lumber Harvesting | 2 | |
| Magic Sentry | 1 | |
6 total
» buildings
| Altar of Kings | 1 | |
| Farm | 4 | |
| Lumber Mill | 1 | |
| Scout Tower | 120 | |
| Arcane Tower | 13 | |
| Guard Tower | 61 | |
| Keep | 1 | |
| Arcane Vault | 3 | |
| Castle | 5 | |
| Arcane Sanctum | 1 | |
| Town Hall | 1 | |
211 total
» build order
00:04 Altar of Kings
00:19 Farm
00:34 Lumber Mill
00:52 Farm
01:21 Scout Tower
01:31 Scout Tower
01:38 Farm
01:49 Arcane Tower
01:51 Scout Tower
01:54 Scout Tower
01:58 Arcane Tower
02:16 Scout Tower
02:20 Guard Tower
02:20 Guard Tower
02:20 Guard Tower
02:28 Scout Tower
02:33 Guard Tower
03:05 Scout Tower
03:06 Guard Tower
03:08 Scout Tower
03:08 Guard Tower
03:35 Guard Tower
03:36 Scout Tower
03:37 Scout Tower
03:38 Guard Tower
03:39 Scout Tower
03:40 Scout Tower
05:00 Scout Tower
05:01 Scout Tower
05:02 Guard Tower
05:05 Scout Tower
05:06 Scout Tower
05:07 Keep
05:12 Arcane Vault
05:46 Guard Tower
05:49 Arcane Vault
05:55 Guard Tower
05:57 Scout Tower
05:58 Scout Tower
06:00 Scout Tower
06:32 Guard Tower
06:36 Scout Tower
06:37 Scout Tower
06:42 Scout Tower
06:43 Scout Tower
06:58 Farm
07:21 Arcane Tower
07:35 Guard Tower
07:38 Scout Tower
07:41 Scout Tower
07:54 Scout Tower
07:55 Scout Tower
08:14 Guard Tower
08:18 Scout Tower
08:19 Scout Tower
08:53 Scout Tower
08:55 Scout Tower
09:00 Guard Tower
09:04 Scout Tower
09:22 Arcane Tower
09:26 Guard Tower
09:28 Castle
09:28 Castle
09:29 Castle
09:29 Castle
09:32 Guard Tower
09:32 Guard Tower
09:32 Guard Tower
09:42 Arcane Tower
09:43 Scout Tower
11:06 Scout Tower
11:07 Scout Tower
11:11 Guard Tower
11:42 Guard Tower
12:07 Arcane Sanctum
12:17 Arcane Tower
12:25 Arcane Vault
12:34 Scout Tower
12:36 Scout Tower
12:39 Scout Tower
12:39 Scout Tower
12:40 Scout Tower
13:24 Guard Tower
13:24 Guard Tower
13:24 Guard Tower
13:25 Guard Tower
13:38 Scout Tower
13:39 Scout Tower
13:40 Scout Tower
13:41 Scout Tower
13:44 Scout Tower
13:45 Scout Tower
13:47 Scout Tower
13:50 Scout Tower
13:51 Scout Tower
13:51 Scout Tower
13:52 Scout Tower
13:53 Scout Tower
13:55 Scout Tower
13:56 Scout Tower
13:58 Guard Tower
14:45 Scout Tower
14:49 Scout Tower
14:49 Scout Tower
15:07 Arcane Tower
15:08 Guard Tower
16:00 Guard Tower
16:11 Scout Tower
16:12 Scout Tower
16:13 Scout Tower
16:14 Scout Tower
17:58 Guard Tower
18:01 Guard Tower
18:12 Guard Tower
18:14 Scout Tower
18:15 Scout Tower
18:26 Town Hall
18:53 Scout Tower
18:54 Scout Tower
18:55 Scout Tower
18:57 Scout Tower
18:58 Scout Tower
18:59 Scout Tower
18:59 Scout Tower
19:00 Scout Tower
19:01 Scout Tower
19:02 Scout Tower
19:04 Scout Tower
19:07 Scout Tower
19:08 Scout Tower
19:09 Scout Tower
19:10 Scout Tower
19:10 Scout Tower
19:11 Scout Tower
19:13 Guard Tower
19:14 Scout Tower
19:32 Guard Tower
19:34 Scout Tower
19:34 Scout Tower
19:37 Arcane Tower
20:30 Guard Tower
20:33 Guard Tower
20:37 Scout Tower
20:39 Scout Tower
20:42 Guard Tower
20:44 Scout Tower
20:52 Scout Tower
20:53 Scout Tower
20:56 Guard Tower
20:57 Guard Tower
21:01 Scout Tower
21:03 Scout Tower
21:06 Guard Tower
21:08 Arcane Tower
21:26 Guard Tower
21:33 Guard Tower
21:34 Guard Tower
22:12 Guard Tower
22:15 Scout Tower
22:16 Scout Tower
22:19 Scout Tower
22:20 Scout Tower
22:25 Scout Tower
22:27 Scout Tower
22:31 Guard Tower
22:38 Scout Tower
22:45 Guard Tower
22:45 Guard Tower
23:02 Guard Tower
23:09 Guard Tower
23:18 Scout Tower
23:37 Guard Tower
23:59 Guard Tower
24:02 Scout Tower
24:02 Scout Tower
25:04 Guard Tower
25:07 Scout Tower
25:08 Scout Tower
25:09 Scout Tower
25:09 Scout Tower
25:44 Guard Tower
25:46 Scout Tower
27:14 Guard Tower
28:40 Scout Tower
28:45 Scout Tower
28:47 Scout Tower
28:57 Scout Tower
28:58 Scout Tower
28:59 Scout Tower
29:00 Scout Tower
29:01 Scout Tower
29:01 Scout Tower
29:02 Scout Tower
29:03 Scout Tower
29:05 Scout Tower
29:10 Guard Tower
29:40 Guard Tower
30:10 Guard Tower
31:00 Guard Tower
34:58 Guard Tower
37:37 Scout Tower
38:04 Scout Tower
38:18 Arcane Tower
39:24 Arcane Tower
41:01 Arcane Tower
46:27 Scout Tower
47:00 Arcane Tower
» items
| Healing Salve | 1 | |
| Boots of Speed | 3 | |
| Staff of Teleportation | 3 | |
| Scroll of Town Portal | 2 | |
| Orb of Lightning | 4 | |
| Staff of Sanctuary | 3 | |
| Circlet of Nobility | 2 | |
| Periapt of Vitality | 2 | |
20 total
timg4strok (
purple | 91 APM | 4545 actions | 49:59)
9 Warden
3 Shadow Strike
3 Blink
1 Spirit of Vengeance
2 Fan of Knives
» actions
| Assign group hotkey | 16 | |
| Basic commands | 37 | |
| Build / train | 61 | |
| ESC pressed | 2 | |
| Enter build submenu | 24 | |
| Enter hero's abilities submenu | 9 | |
| Give item / drop item | 3 | |
| Right click | 2989 | |
| Select / deselect | 260 | |
| Select group hotkey | 830 | |
| Use ability | 314 | |
4545 total
» units
» upgrades
| Ultravision | 1 | |
| Reinforced Hides | 1 | |
| Well Spring | 1 | |
| Nature's Blessing | 1 | |
4 total
» buildings
| Altar of Elders | 1 | |
| Moon Well | 21 | |
| Ancient of War | 1 | |
| Hunter's Hall | 1 | |
| Tree of Ages | 1 | |
| Tree of Eternity | 2 | |
| Ancient of Wonders | 1 | |
| Tree of Life | 1 | |
29 total
» build order
00:14 Altar of Elders
00:25 Moon Well
01:20 Moon Well
03:18 Ancient of War
03:37 Hunter's Hall
04:41 Tree of Ages
05:09 Moon Well
05:12 Moon Well
05:17 Moon Well
05:17 Moon Well
06:35 Moon Well
07:02 Tree of Eternity
07:03 Tree of Eternity
07:06 Ancient of Wonders
07:30 Tree of Life
10:51 Moon Well
10:51 Moon Well
17:42 Moon Well
17:43 Moon Well
29:26 Moon Well
29:27 Moon Well
29:28 Moon Well
35:07 Moon Well
35:08 Moon Well
35:09 Moon Well
49:53 Moon Well
49:53 Moon Well
49:54 Moon Well
49:55 Moon Well
» items
| Healing Salve | 1 | |
| Lesser Clarity Potion | 2 | |
| Orb of Venom | 1 | |
| Boots of Speed | 1 | |
| Circlet of Nobility | 1 | |
| Periapt of Vitality | 1 | |
| Staff of Teleportation | 1 | |
| Moonstone | 1 | |
| Potion of Healing | 1 | |
| Staff of Sanctuary | 1 | |
11 total
Chat log
(03:10 / All) MoldovianHooker: fucking maphackers
(03:21 / All) iggyhailsthee: lol no you just noobs
(03:30 / All) MoldovianHooker: i wi,ll fuckl ur mother just wait
(04:23 / All) T33vs1er: LOLOLOL
(16:06 / All) iggyhailsthee: you guys suck lol
(28:20 / All) iggyhailsthee: gg noobs
(35:46 / All) MoldovianHooker: fucking maphacker
(39:46 / All) MoldovianHooker: fucjking hacker
(39:51 / All) iggyhailsthee: do you realize
(39:53 / All) iggyhailsthee: we aren't hacking
(39:54 / All) iggyhailsthee: and winning
(39:57 / All) iggyhailsthee: with only tower???
(39:59 / All) MoldovianHooker: sutfu fuckjing assshole
(40:03 / All) iggyhailsthee: check replay
(40:03 / All) T33vs1er: it is called protocol
(40:04 / All) timg4strok: slow down
(40:04 / All) iggyhailsthee: www.highper.ch
(40:05 / All) timg4strok: relax
(40:09 / All) timg4strok: take your time typing
(40:24 / All) baby_in_pram: human towers have a skill called "reveal"
(40:35 / All) iggyhailsthee: please share your thoughts on the www.highper.ch picture board! click brush to brush
(42:01 / All) iggyhailsthee: lol red
(42:03 / All) iggyhailsthee: what a nooob!!!
(43:34 / All) iggyhailsthee: LOOOL RED
(46:26 / All) baby_in_pram: how do u lose to only towers. u know they cant move right ?
(46:38 / All) MoldovianHooker: close ur fucking mh
(46:42 / All) MoldovianHooker: idiot noob
(46:43 / All) iggyhailsthee: watch replay
(46:45 / All) iggyhailsthee: Lol
(46:47 / All) iggyhailsthee: and we still win
(46:48 / All) timg4strok: im killing you outside my base you fucking idiot
(46:48 / All) iggyhailsthee: how fun!!
(46:51 / All) iggyhailsthee: www.highper.ch
(49:21 / All) iggyhailsthee: good use of frost wyrms
(49:37 / All) iggyhailsthee: LOST ANOTHER!!
(49:39 / All) iggyhailsthee: lol
(49:40 / All) iggyhailsthee: noob
(49:51 / All) baby_in_pram: ahaha
(49:56 / All) iggyhailsthee: you boys are bad
(49:57 / All) iggyhailsthee: at this game